[Event "SixDays Budapest IM-B 10-2024"]
[Site "Budapest"]
[Date "2024.10.02"]
[Round "4.5"]
[White "Md Imran"]
[Black "Fodor, Balazs"]
[Result "1-0"]
[ECO "D02"]
[WhiteElo "2337"]
[BlackElo "2240"]
[Annotator "TA"]
[PlyCount "121"]
[EventDate "2024.09.24"]
[EventType "tourn"]
[EventCountry "HUN"]
[SourceTitle "playchess.com"]
[Source "ChessBase"]
[SourceQuality "1"]
[TimeControl "5400+30"]

1. d4 Nf6 2. Bf4 d5 3. Nf3 c5 4. e3 Nc6 5. dxc5 Qa5+ 6. c3 Qxc5 7. b4 Qb6 8. a4 {[%emt 0:00:28] The position is equal.} a6 9. Nbd2 g6 10. Ne5 Nd7 11. a5 Qd8 12. Qa4 Ndxe5 (12... Qc7 $11 13. Nxc6 Qxc6) 13. Bxe5 $16 f6 14. Bd4 {[%emt 0:01:00] White is more active.} Kf7 15. Bb6 Qd6 16. Rd1 Qe5 (16... Ne5 $14) 17. Qb3 Bg4 18. f3 $1 Be6 19. f4 Qf5 (19... Qd6 $16 20. Be2 Bg7) 20. h3 h5 21. Be2 d4 (21... Kg7 $142 22. g4 hxg4) 22. c4 $1 $18 dxe3 23. Bxe3 (23. Qxe3 g5 $16) 23... Rd8 {[%emt 0:01:05] Repels Bd3} 24. Qc3 {[%emt 0:00:27] Wards off Nd4} Bc8 $2 (24... g5 {was necessary.}) 25. b5 Nb8 26. O-O Bh6 27. Nb3 {[%emt 0:01:51] Threatens to win with g4.} Rxd1 28. Bxd1 (28. Rxd1 Bxf4 29. Bxf4 Qxf4 $16) 28... axb5 29. Nd4 $2 (29. Nc5 $18 b4 30. Qd2 (30. Qxb4 Na6 $18) 30... Bxf4 31. Rxf4) 29... b4 $16 30. Qxb4 Qd3 {[%emt 0:02:27] [#]} 31. Qe1 {[%emt 0:00:59] Bc2 is the strong threat.} Nc6 (31... Rd8 $2 32. Bc2 Qa3 33. Nb5 $18) 32. Bc2 Qa3 33. Be4 (33. Nxc6 $16 bxc6 34. Kh1) 33... Nxd4 (33... Qxa5 $11 {remains equal.} 34. Bd5+ (34. Bxc6 Qxe1 35. Rxe1 bxc6 $15) 34... Kg7) 34. Bxd4 Rd8 {[%emt 0:00:44] [#]} 35. Bb6 ({But not} 35. Bd5+ $6 e6 36. Bb6 Re8 $14) 35... Re8 36. Rf3 (36. Qd2 $16) 36... Qa2 $2 (36... Qa4 $1 $11) 37. c5 $2 ({White should try} 37. Qb4 $18 {Black must now prevent Rf2.} h4 38. c5) 37... f5 $11 38. Bd3 Bg7 (38... Bd7 $11) 39. Bb5 Rf8 40. Kh2 $36 {[%emt 0:00:02][%mdl 2048] And now Re3 would win. White fights for an advantage.} Bf6 41. Qd1 (41. Qf2 {simplifies} Be6 42. Qxa2 Bxa2 43. c6) 41... Be6 42. Re3 ({White should play} 42. Qd3 $14) 42... Bd5 (42... Bc4 $1 $11 43. Bxc4+ Qxc4) 43. Re2 $16 Qb3 44. Qxb3 Bxb3 45. c6 bxc6 46. Bxc6 Bc4 47. Rc2 Bd3 48. Bd5+ Kg7 49. Rc7 g5 50. Bc5 (50. Bb7 $18 {has better winning chances.}) 50... gxf4 $2 (50... Rd8 $16 {is a better defense.} 51. Bf3 (51. Bxe7 $2 {perishes.} Rxd5 52. Bb4+ Kg6 $19) 51... gxf4) 51. Bxe7 $18 Bxe7 52. Rxe7+ $16 {[%emt 0:00:01][%mdl 4096] Endgame. KRB-KRB} Kf6 $2 (52... Kh8 {was worth a try.} 53. Bb7 Rf6) 53. Re6+ $18 Kg5 54. a6 {[%emt 0:00:05][%cal Ba5a6,Ba6a7][%mdl 32] aiming for a7.} Be4 55. Rxe4 fxe4 56. Bxe4 {[%emt 0:00:14] KR-KB} Rf7 57. Bb7 f3 58. gxf3 Rc7 59. a7 Rc2+ 60. Kg1 Rc1+ 61. Kf2 {[%emt 0:00:01] Weighted Error Value: White=0.29 (precise) /Black=0.50.  Loses game:     	---       	Black=2      Missed win:     	White=2     	---        Mistake:       	White=4     	Black=9      Inaccurate:     	White=2     	Black=4      OK:         	White=18    	Black=20     Best:        	White=6     	Black=5      Strong:       	White=1     	---} 1-0

[Event "SixDays Budapest IM-B 10-2024"]
[Site "Budapest"]
[Date "2024.10.02"]
[Round "5.1"]
[White "Gatineau, Yovann"]
[Black "Horvath, David"]
[Result "0-1"]
[ECO "D38"]
[WhiteElo "2400"]
[BlackElo "2327"]
[Annotator "TA"]
[PlyCount "122"]
[EventDate "2024.09.24"]
[EventType "tourn"]
[EventCountry "HUN"]
[SourceTitle "playchess.com"]
[Source "ChessBase"]
[SourceQuality "1"]
[TimeControl "5400+30"]

1. d4 Nf6 2. c4 e6 3. Nf3 d5 4. Nc3 Bb4 5. Qa4+ Nc6 6. e3 O-O 7. Qc2 {[%emt 0:01:21] D38: Queen's Gambit Declined: Ragozin Defence (4 Nf3 Bb4).} Re8 8. Bd2 Bf8 9. Be2 e5 10. dxe5 $146 ({Predecessor:} 10. cxd5 Nb4 11. Qb3 exd4 12. Nxd4 Nbxd5 13. Bc4 c6 14. O-O Bc5 15. Nxd5 Nxd5 16. Bc3 {½-½ Svane,R (2623)-Halvax,G (2458) AUT-chT 2324 2023 (9.3)}) 10... Nxe5 11. cxd5 Nxd5 12. Nxd5 Qxd5 13. Bc3 Nxf3+ 14. gxf3 ({Better is} 14. Bxf3 $11 Qc4 15. Be2) 14... Bf5 15. Qa4 Rad8 16. Rg1 Qd6 17. Qh4 g6 18. Rd1 Qe7 $1 19. Qf4 (19. Qxe7 {simplifies} Rxd1+ 20. Kxd1 Rxe7 21. Kc1) 19... Rxd1+ 20. Bxd1 Qd7 21. Be2 Bg7 22. Bxg7 Kxg7 23. Qb4 Qc6 24. Qd4+ $1 Qf6 25. Qxf6+ Kxf6 26. Kd2 Rd8+ 27. Kc3 Rd6 28. e4 Be6 29. f4 Rc6+ (29... Bxa2 $2 {is the wrong capture.} 30. e5+ Ke6 31. exd6 $18) 30. Kd2 Bxa2 31. Ra1 Bc4 $1 32. Bxc4 (32. Bg4 $17 {was called for.}) 32... Rxc4 $19 33. Rxa7 Rxe4 34. Rxb7 Rxf4 35. Ke3 Rc4 36. b4 Kg5 37. b5 f5 38. Kf3 Kh4 39. Kg2 {[%emt 0:01:20] [#]} h5 $1 40. h3 $2 (40. b6) 40... g5 $19 41. b6 cxb6 42. Rxb6 {[%emt 0:00:09] [#]} Rc3 $1 43. Rg6 Rxh3 44. Rg8 Ra3 45. Rg7 f4 46. Rf7 Kg4 47. Rb7 h4 48. Rb2 h3+ 49. Kh2 Kh4 50. Rc2 g4 51. Rc4 Rf3 52. Kg1 h2+ 53. Kxh2 Rxf2+ 54. Kg1 Kg3 55. Re4 Ra2 56. Re1 f3 57. Rf1 Rg2+ 58. Kh1 Rh2+ 59. Kg1 f2+ 60. Rxf2 Rxf2 61. Kh1 Rf1# 0-1

[Event "SixDays Budapest IM-B 10-2024"]
[Site "Budapest"]
[Date "2024.10.02"]
[Round "5.2"]
[White "Fodor, Balazs"]
[Black "Kao, Jamison Edrich"]
[Result "0-1"]
[ECO "E73"]
[WhiteElo "2240"]
[BlackElo "2125"]
[Annotator "TA"]
[PlyCount "182"]
[EventDate "2024.09.24"]
[EventType "tourn"]
[EventCountry "HUN"]
[SourceTitle "playchess.com"]
[Source "ChessBase"]
[SourceQuality "1"]
[TimeControl "5400+30"]

1. d4 Nf6 2. c4 g6 3. Nc3 Bg7 4. e4 d6 5. Be2 O-O 6. Be3 Na6 7. Nf3 e5 8. O-O c6 9. Qc2 Ng4 10. Bg5 f6 11. Bh4 h5 {[%emt 0:01:40] White is slightly better.} 12. dxe5 (12. h3 $16) 12... dxe5 $14 13. Bg3 Qe7 14. a3 Be6 15. b4 (15. h3 $5 Nh6 $8 16. Rad1 $11) 15... Rad8 16. h3 Nh6 17. c5 Nc7 18. Nd1 Bf7 19. Ne3 Ne6 20. Nc4 g5 (20... Kh7 $11 {feels stronger.}) 21. Nd6 $16 g4 22. Nh4 Nd4 23. Qb2 (23. Qd3 $14) 23... Rxd6 (23... f5 $15 24. exf5 gxh3) 24. cxd6 $14 Qxd6 25. hxg4 hxg4 26. Rac1 b5 {[%emt 0:02:54] [#]} 27. Nf5 Nhxf5 $11 28. exf5 Nxf5 29. Rfd1 Bd5 30. Rc5 (30. Bxg4 Nxg3 31. fxg3 f5 $17) (30. Qc3 $5) 30... a6 (30... Nxg3 31. Bxb5 Ne4 32. Rxc6 Bxc6 33. Rxd6 Bxb5 34. Qb3+ Kh8 35. Rd1 $18) 31. Qc3 (31. Bxg4 Nxg3 32. fxg3 f5 $17) 31... Nxg3 32. Qxg3 f5 33. a4 Qe6 $2 (33... bxa4 $6 34. Bc4 (34. Bxa6 Qg6 $14) 34... Qe7 35. Bxd5+ cxd5 36. Rdxd5 $18) (33... Qg6 $1 $11) 34. axb5 $18 axb5 35. Ra1 $2 ({White has to play} 35. Bxb5 $16 {[%cal Og3c3] Hoping for Qc3!} Rf6 36. Rdxd5 cxd5 37. Qb3) 35... Rf6 36. Ra8+ Kh7 37. Ra7 Rh6 38. f3 (38. Bxb5 $5 Rh5 (38... cxb5 $2 39. Rcc7 $18) 39. Bxc6 Bxc6 40. Qxe5 Qxe5 41. Rxe5 $16) 38... Qf6 {[%emt 0:00:37] Strongly threatening ...e4.} 39. fxg4 {[%emt 0:04:41] Threatens to win with g5.} f4 40. g5 fxg3 41. gxf6 Rxf6 42. Rc3 Rg6 {[%emt 0:00:56] White must now prevent ...e4.} 43. Raa3 $2 ({White should play} 43. Bh5 $11 Rg5 44. Bf7 (44. Be8 e4 $11)) 43... Bf8 $17 {[%emt 0:00:35] This pair of bishops is nice.} 44. Rxg3 Rxg3 (44... Bxb4 $17 45. Ra7+ Kh6 46. Rxg6+ Kxg6) 45. Rxg3 $11 Bxb4 $17 {[%emt 0:00:04][%mdl 4096] Endgame. KRB-KB} 46. Kf1 Bd6 {[%emt 0:00:51] Threatening ...e4.} 47. Ke1 (47. Rg4 $11) 47... b4 48. Kd1 (48. Bg4 $17) 48... e4 $19 49. Rg4 Kh6 50. Kc2 $2 (50. Kd2) 50... b3+ 51. Kb1 Be5 52. Rh4+ Kg6 53. Rh1 (53. Kc1 $142 Kf6 54. Rh6+ Kf5 55. Rh5+ Ke6 56. Rh3) 53... Kf6 54. Rh6+ Ke7 55. Rh3 Bd4 56. Bd1 (56. Rh6 $142 e3 57. Rh4) 56... e3 57. Rh4 {[%emt 0:00:14] Repels Be4+} Bf6 58. Rg4 Kd6 59. Bf3 Be6 60. Rb4 Bf5+ 61. Kc1 Be6 $2 (61... b2+ $1 $19 62. Rxb2 Bxb2+ 63. Kxb2 Be4) 62. g4 $2 (62. Kb1 $11 Kc5 63. Rb8) 62... c5 63. Rb6+ Ke5 64. Be2 Bg7 $2 ({Black should try} 64... Bd5 $1 $19 65. Kd1 c4) 65. Rc6 $1 $11 b2+ 66. Kb1 $2 {[%emt 0:00:22] [#]} (66. Kc2 $1 $11 {and White stays safe.}) 66... c4 $1 $19 {[%emt 0:00:25][%mdl 512] ...Bd5 would now be deadly.} 67. Rc7 (67. Rxe6+ Kxe6) 67... Bf6 {[%emt 0:00:26] ...Kd6 is the strong threat.} 68. g5 $2 (68. Kc2) 68... Bxg5 $2 (68... Bh8 $1 $19 {And now ...Kf4 would win.} 69. g6 Bf6) 69. Kxb2 $11 Kd4 70. Ra7 $1 Bf4 71. Ra6 $132 {[%emt 0:00:31][%mdl 2048] White is not keeping still} Bd5 72. Kc1 Kc3 73. Ra3+ Kb4 74. Ra7 Kb3 75. Ra5 Be4 76. Rb5+ Kc3 77. Rc5 Bd3 78. Kd1 Bc2+ 79. Kc1 Bb3 80. Rf5 Bd6 81. Ra5 $1 {[%emt 0:00:42] Wards off Ba3+} Bg3 82. Bd1 $2 (82. Ra6 $11) 82... Be1 $1 $19 {[%emt 0:00:09] ( -> ...Bd2+)} 83. Bxb3 {[%emt 0:00:22] [#]} Bd2+ $2 ({Stronger than} 83... cxb3 84. Ra8 $11) (83... e2 $1 {mates} 84. Re5 Bd2+ (84... cxb3 85. Rxe2 Bh4 86. Re3+ Kd4 87. Rxb3 $11) 85. Kb1 Kxb3 (85... e1=B 86. Bc2 $14) 86. Rb5+ Bb4 87. Re5 e1=R+ 88. Rxe1 Bxe1 89. Kc1 c3 90. Kd1 Bh4 91. Ke2 c2 92. Kd2 Bg3 (92... Bg5+ {leads to mate.} 93. Kd3 c1=Q 94. Ke4 Qf4+ 95. Kd5 Qf7+ 96. Kc6 Kc4 97. Kb6 Bd8+ 98. Ka6 Kd4 99. Kb5 Qc4#) 93. Ke3 c1=Q+ (93... c1=R 94. Kf3 Bb8 95. Kg4 Rf1 96. Kh3 Rg1 97. Kh4 Kc4 98. Kh3 Be5 99. Kh4 Kd3 100. Kh3 Bf4 101. Kh4 Ke2 102. Kh3 Kf3 103. Kh4 Rh1#) 94. Kf3 Qf4+ 95. Kg2 Qg4 96. Kh1 Qh3+ 97. Kg1 Qh2+ 98. Kf1 Qf2#) 84. Kd1 $11 cxb3 {[%emt 0:00:17] KR-KB} 85. Rc5+ Kb2 (85... Kd4 $5 86. Rb5 $8 Kc3 $11) 86. Rc8 Bb4 87. Ke2 Bd2 88. Kd3 Kb1 89. Ke2 $2 (89. Rg8 $11) 89... b2 {[%emt 0:00:04] Black mates.} 90. Kd1 {[%emt 0:00:25] [#]} Ka2 $1 91. Ra8+ Kb3 {[%emt 0:00:05] What a fight!   Weighted Error Value: White=0.71/Black=0.31.  Loses game:     	White=3     	Black=1      Missed win:     	---       	Black=1      Mistake:       	White=10    	Black=3      Inaccurate:     	White=4     	Black=4      OK:         	White=25    	Black=18     Best:        	White=4     	Black=7      Strong:       	White=2     	Black=1      Brilliant:      	---       	Black=1} 0-1

[Event "SixDays Budapest IM-B 10-2024"]
[Site "Budapest"]
[Date "2024.10.02"]
[Round "5.3"]
[White "Nemeth, Zalan"]
[Black "Md Imran"]
[Result "1/2-1/2"]
[ECO "A13"]
[WhiteElo "2211"]
[BlackElo "2337"]
[Annotator "TA"]
[PlyCount "54"]
[EventDate "2024.09.24"]
[EventType "tourn"]
[EventCountry "HUN"]
[SourceTitle "playchess.com"]
[Source "ChessBase"]
[SourceQuality "1"]
[TimeControl "5400+30"]

1. c4 e6 2. g3 d5 3. Bg2 Nf6 4. Nf3 c6 5. O-O dxc4 6. a4 a5 7. Na3 Bxa3 8. bxa3 {[%emt 0:01:09] White is slightly better.} O-O 9. Bb2 {[%emt 0:03:47][%mdl 1024] White has compensation.} Nbd7 10. Qc2 Qb6 ({Better is} 10... b6 $11) 11. Rab1 $14 {[%emt 0:01:42][%cal Ob2f6] [#] Bxf6! is the strong threat.} Qb3 12. Rfc1 Qxc2 13. Rxc2 Re8 14. Rxc4 e5 15. Rcc1 Nd5 16. e4 N5f6 17. d3 c5 18. Nd2 {[%emt 0:06:38] White is more active.} b6 19. f4 Ba6 20. Nc4 Bxc4 21. dxc4 Ra7 22. Bxe5 ({White should try} 22. Re1 $16) 22... Nxe5 $11 {[%emt 0:00:05] The position is equal.} 23. fxe5 Nd7 24. Rd1 Nxe5 ({Of course not} 24... Rxe5 25. Bh3 Nf8 26. Rxb6 $14) 25. Rxb6 Nxc4 26. Rc6 Nb2 ({Reject} 26... Nxa3 $6 27. Rxc5 Rb7 28. e5 $18 (28. Rxa5 Nc4 $16)) 27. Rc1 Nxa4 {[%emt 0:07:17] Weighted Error Value: White=0.09 (flawless) /Black=0.08 (flawless) .  Mistake:       	White=1     	Black=1      Inaccurate:     	White=1     	Black=1      OK:         	White=10    	Black=10     Best:        	White=1     	Black=1} 1/2-1/2

[Event "SixDays Budapest IM-B 10-2024"]
[Site "Budapest"]
[Date "2024.10.02"]
[Round "5.4"]
[White "To, Nhat Minh"]
[Black "Bhagat Kush"]
[Result "0-1"]
[ECO "E71"]
[WhiteElo "2300"]
[BlackElo "2245"]
[Annotator "TA"]
[PlyCount "54"]
[EventDate "2024.09.24"]
[EventType "tourn"]
[EventCountry "HUN"]
[SourceTitle "playchess.com"]
[Source "ChessBase"]
[SourceQuality "1"]
[TimeControl "5400+30"]

1. d4 Nf6 2. c4 g6 3. Nc3 Bg7 4. e4 d6 5. h3 O-O 6. Be3 Nbd7 7. g4 a6 8. Nge2 b5 9. Ng3 {[%emt 0:03:58] The position is equal.} bxc4 10. Bxc4 c5 11. dxc5 dxc5 ({Black should try} 11... Nxc5 $11 12. O-O Bb7) 12. f4 $14 Ne8 (12... Bb7 $14) 13. e5 $16 Nc7 14. Qf3 Rb8 15. O-O-O Nb5 {[%emt 0:05:18] ...Nxc3 is the strong threat.} 16. Nge4 (16. Nce4 {looks sharper.} Qa5 17. Rhf1 Nd4 18. Bxd4 cxd4 19. Rxd4 Nxe5 20. fxe5 Bxe5 21. Rd5) 16... Nd4 17. Qf2 $36 {[%emt 0:02:50][%mdl 2048] White is on the roll.} Rb4 18. Bf1 (18. Bd5 $16) 18... Bb7 $11 19. Bg2 Qb6 20. Rd2 Rb8 21. Rhd1 Qa5 {[%emt 0:00:40] [#]} (21... Bxe4 $11 22. Nxe4 Ra4 23. Bxd4 Rxa2 (23... cxd4 24. b3 $11)) 22. Nxc5 $1 $16 Bxg2 (22... Nxc5 $16 23. Rxd4 Nb3+ 24. axb3 Rxb3 25. Bxb7 Qa1+ 26. Nb1 R8xb7 27. Rd8+ Bf8) 23. Nxd7 $18 (23. Bxd4 Nxc5 24. Bxc5 (24. Qxg2 Ne6 $15) 24... Rc4 25. Qxg2 Rxc5 $17) 23... Nb3+ (23... Nb5 24. Bb6 (24. Nxb8 Nxc3 25. bxc3 Rxb8 $16) 24... Nxc3 25. Bxa5 Nxa2+ 26. Kb1 Be4+ 27. Rc2 (27. Kxa2 $2 Ra4#) 27... Rxb2+ (27... Bxc2+ $2 {loses.} 28. Qxc2 Rxb2+ 29. Qxb2 $18) 28. Ka1 Rxc2) 24. axb3 Rxb3 25. Qxg2 $4 {[%emt 0:04:27][%mdl 8192] [#]} (25. Rc2 $18 {avoids the disaster.}) 25... Qa1+ $1 $19 26. Nb1 {[%emt 0:00:25] [#]} (26. Kc2 $19 Qxb2+ (26... Rxb2+ $2 27. Kd3 $18) 27. Kd3 Qxc3+ 28. Ke2 Qxe3+ 29. Kf1 Qxf4+ 30. Rf2 Qc4+ 31. Kg1) 26... Rc3+ $3 27. Rc2 Qxb2+ {[%emt 0:00:02] Weighted Error Value: White=0.64/Black=0.42.  Loses game:     	---       	Black=1      Mistake:       	White=1     	Black=5      OK:         	White=5     	Black=5      Best:        	White=2     	Black=1      Strong:       	White=1     	---        Brilliant:      	---       	Black=1} (27... Rxe3 $2 {too greedy.} 28. Nxb8 h5 29. gxh5 $18) 0-1

[Event "SixDays Budapest IM-B 10-2024"]
[Site "Budapest"]
[Date "2024.10.02"]
[Round "5.5"]
[White "Nanditha V"]
[Black "Kalosha, Zhiulien Oleksii"]
[Result "0-1"]
[ECO "B43"]
[WhiteElo "1903"]
[BlackElo "2232"]
[Annotator "RC"]
[PlyCount "136"]
[EventDate "2024.09.24"]
[EventType "tourn"]
[EventCountry "HUN"]
[SourceTitle "playchess.com"]
[Source "ChessBase"]
[SourceQuality "1"]
[TimeControl "5400+30"]

1. e4 c5 2. Nf3 e6 3. d4 cxd4 4. Nxd4 a6 5. Nc3 Qc7 6. g3 Bb4 7. Bd2 Nf6 8. Bg2 Nc6 9. Nde2 Be7 10. O-O O-O 11. Nf4 d6 12. Nce2 b5 13. Rc1 Ne5 14. Nd3 Bb7 15. f3 Nc4 16. b3 Qb6+ 17. Kh1 Ne3 18. Bxe3 Qxe3 19. c3 Qb6 20. Qe1 Rac8 21. Qf2 Qxf2 22. Rxf2 Rc7 23. Rff1 Rfc8 24. Kg1 Nd7 25. Rc2 d5 26. exd5 Bxd5 27. f4 Nb6 28. Rfc1 Ba3 29. Rd1 Bxg2 30. Kxg2 Nd5 31. Kf2 f6 32. c4 bxc4 33. Rxc4 Rxc4 34. bxc4 Rxc4 35. Kf3 Nc3 36. Nxc3 Rxc3 37. Rd2 Kf7 38. Ke2 Kg6 39. g4 Rc4 40. Kf3 a5 41. Nf2 Bc1 42. f5+ exf5 43. gxf5+ Kh5 44. Rd5 Ra4 45. Nh1 Ra3+ 46. Kg2 Rxa2+ 47. Kh3 Bf4 48. Ng3+ Bxg3 49. hxg3 Kh6 50. Rb5 g6 51. fxg6 hxg6 52. Kg4 Ra4+ 53. Kf3 f5 54. Re5 Kg5 55. Rc5 Ra3+ 56. Kg2 Kh5 57. Kh3 a4 58. Rc4 Kg5 59. Rb4 Kh6 60. Rh4+ Kg7 61. Rb4 g5 62. Kg2 Kg6 63. Rc4 Ra2+ 64. Kf3 g4+ 65. Kf4 Rf2+ 66. Ke5 Re2+ 67. Kd5 a3 68. Ra4 Re3 0-1

[Event "SixDays Budapest IM-B 10-2024"]
[Site "Budapest"]
[Date "2024.10.03"]
[Round "6.4"]
[White "Md Imran"]
[Black "To, Nhat Minh"]
[Result "1/2-1/2"]
[ECO "A45"]
[WhiteElo "2337"]
[BlackElo "2300"]
[Annotator "RC"]
[PlyCount "47"]
[EventDate "2024.09.24"]
[EventType "tourn"]
[EventCountry "HUN"]
[SourceTitle "playchess.com"]
[Source "ChessBase"]
[SourceQuality "1"]
[TimeControl "5400+30"]

1. d4 Nf6 2. Bg5 d5 3. e3 c5 4. Bxf6 gxf6 5. dxc5 e6 6. c4 dxc4 7. Qxd8+ Kxd8 8. Bxc4 Bxc5 9. Nf3 Ke7 10. Ke2 Nc6 11. Rc1 Bb6 12. Nc3 Ne5 13. Nxe5 fxe5 14. a4 a6 15. a5 Ba7 16. Bd3 Bd7 17. b4 f5 18. e4 Rac8 19. exf5 exf5 20. Nd5+ Kd6 21. Ne3 e4 22. Bc4 Ke5 23. Rd1 Bc6 24. Rac1 1/2-1/2